 Dungeon Crawl Stone Soup version 0.28-a0-843-gb979743d38 (webtiles) character file.

Game seed: 18029817728796996885

112 Nixze the Magician (level 4, -4/24 HPs)
             Began as a Deep Elf Hedge Wizard on Nov 12, 2021.
             Slain by Terence (8 damage)
             ... on level 2 of the Dungeon.
             The game lasted 00:14:39 (4101 turns).

Nixze the Magician (Deep Elf Hedge Wizard)          Turns: 4101, Time: 00:14:40

Health: -4/24      AC:  3    Str:  7    XL:     4   Next: 64%
Magic:  3/14       EV: 12    Int: 20    God:
Gold:   108        SH:  0    Dex: 14    Spells: 14/16 levels left

rFire   . . .      SeeInvis .   p - +0 spear
rCold   . . .      Faith    .   (no shield)
rNeg    . . .      Spirit   .   b - +0 robe
rPois   .          Reflect  .   c - +0 hat
rElec   .          Harm     .   (no cloak)
rCorr   .          Rampage  .   j - +0 pair of gloves
Will    .....                   (no boots)
Stlth   ++........              m - amulet of magic regeneration
HPRegen 0.08/turn               (no ring)
MPRegen 0.39/turn               (no ring)

@: very slightly contaminated
A: no striking features
a: no special abilities


You were on level 2 of the Dungeon.
You visited 1 branch of the dungeon, and saw 2 of its levels.

You collected 108 gold pieces.

Inventory:

Hand Weapons
 g - a +0 short sword
 p - a +0 spear (weapon)
Missiles
 a - 76 stones
Armour
 b - a +0 robe (worn)
 c - a +0 hat (worn)
 j - a +0 pair of gloves (worn)
Jewellery
 m - an amulet of magic regeneration (around neck)
Wands
 o - a wand of flame (17)
Scrolls
 d - a scroll of magic mapping {unknown}
 e - 2 scrolls of amnesia {unknown}
 f - 2 scrolls of identify {unknown}
 k - a scroll of enchant weapon {unknown}
 n - a scroll of brand weapon {unknown}
Potions
 h - a potion of haste {unknown}
 i - 2 potions of flight {unknown}
 l - 2 potions of curing


   Skills:
 - Level 2.4 Dodging
 - Level 2.4 Stealth
 + Level 6.7 Spellcasting
 - Level 1.1 Conjurations
 - Level 3.0 Hexes
 - Level 1.1 Summonings
 - Level 1.1 Translocations


You had 14 spell levels left.
You knew the following spells:

 Your Spells              Type           Power      Damage    Failure   Level
a - Magic Dart            Conj           44%        1d5       6%          1
b - Slow                  Hex            72%        N/A       2%          1

Your spell library contained the following spells:

 Spells                   Type           Power      Damage    Failure   Level
 Blink                    Tloc           22%        N/A       10%         2
 Call Imp                 Summ           11%        N/A       10%         2
 Lesser Beckoning         Tloc           11%        N/A       19%         3
 Conjure Flame            Conj/Fire      8%         6-21      24%         3
 Mephitic Cloud           Conj/Pois/Air  8%         N/A       26%         3
 Manifold Assault         Tloc           11%        N/A       86%         5


Dungeon Overview and Level Annotations

Branches:
Dungeon (2/15)

Altars:

Annotations:
D:2 Terence


Message History

Aim: Terence, wielding a +0 hand axe and wearing a +0 scale mail (heavily wounded, slow, 100% to hit)
You miscast Magic Dart.
You are very lightly contaminated with residual magic.
Nothing appears to happen.
Casting: Magic Dart (safe; 6% risk of failure)
Confirm with . or Enter, or press ? or * to list all spells.
Aiming: Magic Dart (safe; 6% risk of failure)
Press: ? - help, Shift-Dir - straight line, f/p - Terence
Aim: Terence, wielding a +0 hand axe and wearing a +0 scale mail (heavily wounded, slow, 100% to hit)
The magic dart hits Terence but does no damage.
Terence is heavily wounded.
Terence hits you but does no damage.
Casting: Magic Dart (safe; 6% risk of failure)
Confirm with . or Enter, or press ? or * to list all spells.
Aiming: Magic Dart (safe; 6% risk of failure)
Press: ? - help, Shift-Dir - straight line, f/p - Terence
Aim: Terence, wielding a +0 hand axe and wearing a +0 scale mail (heavily wounded, slow, 100% to hit)
The magic dart hits Terence but does no damage.
Terence is heavily wounded.
Terence is no longer moving slowly.
Casting: Magic Dart (safe; 6% risk of failure)
Confirm with . or Enter, or press ? or * to list all spells.
Aiming: Slow (safe; 2% risk of failure)
Press: ? - help, Shift-Dir - straight line, f/p - Terence
Aim: Terence, wielding a +0 hand axe and wearing a +0 scale mail (heavily wounded, chance to affect: 65%)
You miscast Slow.
Nothing appears to happen.
Terence barely misses you.
Casting: Slow (safe; 2% risk of failure)
Confirm with . or Enter, or press ? or * to list all spells.
Aiming: Slow (safe; 2% risk of failure)
Press: ? - help, Shift-Dir - straight line, f/p - Terence
Aim: Terence, wielding a +0 hand axe and wearing a +0 scale mail (heavily wounded, chance to affect: 65%) Terence seems to slow down.
Terence misses you.
Casting: Slow (safe; 2% risk of failure)
Confirm with . or Enter, or press ? or * to list all spells.
Aiming: Magic Dart (safe; 6% risk of failure)
Press: ? - help, Shift-Dir - straight line, f/p - Terence
Aim: Terence, wielding a +0 hand axe and wearing a +0 scale mail (heavily wounded, slow, 100% to hit)
You miscast Magic Dart.
Nothing appears to happen.
Terence hits you with a +0 hand axe!
You die...

#.# #.........#.......#...#..
#.# #.####.####.......'...'..
###.# #.####.# #.......#...#..
#...# #......# ##....)##...##.
#.### #..##########...##.....##
#.# #..# #....#####.......# #.#
#..# #.#####..#........ #.#
#..# #.# #..#.......# #.# #..#
#@# #..#.......# #.# #..# ##@##
#..####....# #.#
#..####...####..# #.#..#
#.#####..#..........<.# #.#)..
#...>......##...#####.####.#..#
#######..#####.##..........#..#
#...............####.#..#
##..............# #.#...
#############.## #.#.##


You could see Terence (slow).

Vanquished Creatures
  A hound skeleton (D:2)
  A gnoll (D:1)
  3 adders
  A worm (D:2)
  A dart slug (D:2)
  7 ball pythons
  4 bats
  7 endoplasms
  4 giant cockroaches
  3 goblins (D:2)
  5 hobgoblins
  3 jackals (D:1)
  A quokka (D:1)
  4 frilled lizards
  2 kobolds
  8 rats
55 creatures vanquished.

Notes
Turn   | Place    | Note
-------+----------+-------------------------------------------
     0 | D:1      | Nixze the Deep Elf Hedge Wizard began the quest for the
                  | Orb.
     0 | D:1      | Reached XP level 1. HP: 10/10 MP: 7/7
   494 | D:1      | Reached skill level 5 in Spellcasting
   542 | D:1      | Reached XP level 2. HP: 15/15 MP: 5/10
  1123 | D:1      | Learned a level 1 spell: Slow
  1540 | D:2      | Reached skill level 1 in Hexes
  1701 | D:2      | Reached XP level 3. HP: 8/19 MP: 0/12
  2912 | D:2      | Reached XP level 4. HP: 24/24 MP: 10/13
  2954 | D:2      | Reached skill level 6 in Spellcasting
  3047 | D:2      | Noticed Terence
  3096 | D:2      | HP: 1/24 [Terence (7)]
  4101 | D:2      | Slain by Terence

Illustrated notes

Levels and vault maps discovered:
D:1:      nagdon_arrival_zigzag_paths, layout_basic
D:2:      kennysheep_six_static_rooms, layout_loops_ring, minmay_between,
          uniq_terence

Skill      XL: |  1  2  3  4 |
---------------+-------------+-----
Spellcasting   | 5 6 |  6.7
Hexes          | 1 2 3 |  3.0
Dodging        | |  2.4
Stealth        | |  2.4
Conjurations   | |  1.1
Summonings     | |  1.1
Translocations | |  1.1

Action                   |  1- 3 |  4- 6 || total
-------------------------+-------+-------++-------
Melee: Dagger            |     5 |       ||     5
       Short sword       |     9 |     4 ||    13
       Spear             |       |    23 ||    23
 Cast: Magic Dart        |   137 |    74 ||   211
       Slow              |    13 |    23 ||    36
Armor: Robe              |     9 |     5 ||    14
Dodge: Dodged            |    35 |    10 ||    45

Table legend: (Time is in decaauts)
 A = Elapsed time spent in this place.
 B = Non-inter-level travel time spent in this place.
 C = Inter-level travel time spent in this place.
 D = Time resting spent in this place.
 E = Time spent auto-exploring this place.
 F = Levels seen in this place.
 G = Mean time per level.
                   A        B        C        D        E       F      G
               +--------+--------+--------+--------+--------+-----+--------+
         Total |   4105 |   4020 |     85 |   1154 |   2123 |   2 | 2052.5 |
       Dungeon |   4105 |   4020 |     85 |   1154 |   2123 |   2 | 2052.5 |
               +--------+--------+--------+--------+--------+-----+--------+

Top non-repeatable levels by time:
     D:2: 2167 daAuts
     D:1: 1938 daAuts
